 Dungeon Crawl Stone Soup version 0.30.0-17-ge0270778cf (webtiles) character file.

Game seed: 4897755521419236527

351 nicolae the Shield-Bearer (level 6, 0/51 HPs)
             Began as a Gnoll Wanderer on May 6, 2023.
             Slain by Pikel
             ... wielding a +0 whip of flaming
              (7 damage)
             ... on level 4 of the Dungeon on May 22, 2023.
             The game lasted 00:08:55 (3339 turns).

nicolae the Shield-Bearer (Gnoll Wanderer)          Turns: 3339, Time: 00:08:56

Health: 0/51       AC:  8    Str: 14    XL:     6   Next: 61%
Magic:  9/9        EV: 12    Int:  8    God:
Gold:   225        SH:  0    Dex: 14    Spells: 9/9 levels left

rFire   . . .        a - +0 hand axe
rCold   . . .        b - +2 buckler
rNeg    . . .        j - +0 ring mail
rPois   .            e - +0 helmet
rElec   .            c - +0 cloak
rCorr   .            (no gloves)
SInv    .            p - +0 pair of boots
Will    .....        (no amulet) Stlth
                     (no ring)
HPRegen 0.28/turn    (no ring)
MPRegen 0.11/turn

%: no passive effects
@: confused
A: fangs 1, strong nose, distributed training
a: no special abilities


You were on level 4 of the Dungeon.
You visited 2 branches of the dungeon, and saw 5 of its levels.

You collected 225 gold pieces.

Inventory:

Hand Weapons
 a - a +0 hand axe (weapon)
Missiles
 h - 5 curare-tipped darts (quivered)
 o - 2 poisoned darts
Armour
 b - a +2 buckler (worn)
 c - a +0 cloak (worn)
 e - a +0 helmet (worn)
 j - a +0 ring mail (worn)
 p - a +0 pair of boots (worn)
Wands
 t - a wand of charming (13)
Scrolls
 d - 3 scrolls of teleportation
 f - a scroll of blinking {unknown}
 i - 2 scrolls of identify
 m - a scroll of fear
 n - a scroll of fog {unknown}
 r - a scroll of magic mapping {unknown}
 s - a scroll of summoning {unknown}
Potions
 g - a potion of mutation
 k - a potion of flight


   Skills:
 + Level 5.0 Fighting
 + Level 2.1 Short Blades
 + Level 2.1 Long Blades
 + Level 5.0 Axes
 + Level 2.1 Maces & Flails
 + Level 2.1 Polearms
 + Level 2.1 Staves
 + Level 2.1 Ranged Weapons
 + Level 2.1 Throwing
 + Level 2.1 Armour
 + Level 5.0 Dodging
 + Level 3.2 Stealth
 + Level 6.9 Shields
 + Level 2.1 Unarmed Combat
 + Level 2.1 Spellcasting
 + Level 1.6 Conjurations
 + Level 1.6 Hexes
 + Level 1.6 Summonings
 + Level 1.6 Necromancy
 + Level 1.6 Translocations
 + Level 1.6 Transmutations
 + Level 1.6 Fire Magic
 + Level 1.6 Ice Magic
 + Level 1.6 Air Magic
 + Level 1.6 Earth Magic
 + Level 1.6 Poison Magic
 + Level 2.3 Invocations
 + Level 2.1 Evocations


You had 9 spell levels left.
You didn't know any spells.
Your spell library contained the following spells:

 Spells                   Type           Power      Damage    Failure   Level
 Apportation              Tloc           6%         N/A       43%         1
 Shock                    Conj/Air       12%        1d3       43%         1
 Dazzling Flash           Conj/Hex       6%         N/A       80%         3
 Swiftness                Air            3%         N/A       80%         3
 Volatile Blastmotes      Fire/Tloc      6%         2d10      80%         3
 Airstrike                Air            1%         2d(1-17)  99%         4
 Iskenderun's Mystic Bla  Conj/Tloc      3%         2d3       99%         4
 Alistair's Intoxication  Tmut/Pois      2%         N/A       100%        5
 Starburst                Conj/Fire      1%         6d3       100%        6


Dungeon Overview and Level Annotations

Branches:
Dungeon (4/15)             Temple (1/1) D:4

Altars:
Cheibriados
Elyvilon
Fedhas
Kikubaaqudgha
Nemelex Xobeh
Qazlal
Ru
Trog
Vehumet
Wu Jian
Xom
Yredelemnul

Annotations:
D:3 exclusion: oklob plant
D:4 Pikel


Innate Abilities, Weirdness & Mutations

You have very sharp teeth.
Your uncanny sense of smell can sniff out nearby items.
Your experience applies equally to all skills.


Message History

Pikel hits you with a +0 whip of flaming!
* * * LOW HITPOINT WARNING * * *
Pikel burns you.
* * * LOW HITPOINT WARNING * * *
You bump into the rock wall.
Pikel zaps a wand.
Your will is overpowered!
You are more confused.
You hit Pikel.
Pikel is lightly wounded.
Pikel hits you but does no damage. Pikel attacks as you move away!
Pikel barely misses you.
You bump into the rock wall.
Pikel hits you with a +0 whip of flaming!
* * * LOW HITPOINT WARNING * * *
Pikel burns you.
* * * LOW HITPOINT WARNING * * *
You closely miss Pikel.
Pikel is lightly wounded.
Pikel zaps a wand.
Your will is overpowered!
You are more confused.
You bump into the rock wall.
Pikel barely misses you.
Unknown command.
You're too confused to move!
Pikel hits you but does no damage.
You hit Pikel.
Pikel is moderately wounded.
Pikel zaps a wand.
Your will is overpowered!
You are more confused.
Pikel zaps a wand.
Your will is overpowered!
You are more confused.
The now-empty wand crumbles to dust.
You barely miss Pikel.
Pikel is lightly wounded.
Pikel closely misses you.
You bump into the rock wall.
Pikel misses you.
You bump into the rock wall.
Pikel barely misses you.
You bump into the rock wall.
Pikel misses you.
You bump into the rock wall.
Pikel closely misses you.
You barely miss Pikel.
Pikel is lightly wounded.
Pikel hits you with a +0 whip of flaming!
You die...

#.# ∆ #.#
#.# #5# #5#
#5# #5# #K#
#@#
##########.#
#..........#
#.##########
#.#
#######.#
†.......#
#######.#
###


You could see Pikel and 4 lemures.

Vanquished Creatures
  Menkaure (D:4)
  A scorpion (D:4)
  A hound (D:4)
  2 iguanas
  An adder (D:4)
  2 worms (D:3)
  4 dart slugs
  4 orcs (D:3)
  4 bats
  5 endoplasms
  3 giant cockroaches
  6 hobgoblins
  6 kobolds
  2 quokkas
  6 ball pythons
  5 frilled lizards
  11 goblins
  5 rats
69 creatures vanquished.

Notes
Turn   | Place    | Note
-------+----------+-------------------------------------------
     0 | D:1      | nicolae the Gnoll Wanderer began the quest for the Orb.
     0 | D:1      | nicolae set off with the following items: a +0 hand axe, a
                  | +2 buckler, a +0 cloak, a scroll of teleportation, a +0
                  | leather armour.
     0 | D:1      | Reached XP level 1. HP: 20/20 MP: 1/1
   166 | D:1      | Reached XP level 2. HP: 24/26 MP: 2/2
   439 | D:1      | You fall into a shaft and drop 1 floor!
   623 | D:2      | Reached XP level 3. HP: 28/31 MP: 3/3
   906 | D:2      | Reached skill level 1 in Invocations
  1052 | D:2      | Upgraded the game from 0.30.0 to 0.30.0-17-ge0270778cf
  1379 | D:2      | Reached skill level 1 in Short Blades
  1379 | D:2      | Reached skill level 1 in Long Blades
  1379 | D:2      | Reached skill level 1 in Maces & Flails
  1379 | D:2      | Reached skill level 1 in Polearms
  1379 | D:2      | Reached skill level 1 in Staves
  1379 | D:2      | Reached skill level 1 in Ranged Weapons
  1379 | D:2      | Reached skill level 1 in Throwing
  1379 | D:2      | Reached skill level 1 in Armour
  1379 | D:2      | Reached skill level 1 in Unarmed Combat
  1379 | D:2      | Reached skill level 1 in Spellcasting
  1379 | D:2      | Reached skill level 1 in Evocations
  1711 | D:3      | Found a radiant altar of Vehumet.
  1760 | D:3      | Found a white marble altar of Elyvilon.
  1860 | D:3      | Reached XP level 4. HP: 37/37 MP: 5/5
  1933 | D:3      | Found a basalt altar of Yredelemnul.
  2006 | D:3      | Found a blossoming altar of Fedhas.
  2024 | D:3      | Noticed an oklob plant
  2086 | D:3      | Reached skill level 1 in Conjurations
  2086 | D:3      | Reached skill level 1 in Hexes
  2086 | D:3      | Reached skill level 1 in Summonings
  2086 | D:3      | Reached skill level 1 in Necromancy
  2086 | D:3      | Reached skill level 1 in Translocations
  2086 | D:3      | Reached skill level 1 in Transmutations
  2086 | D:3      | Reached skill level 1 in Fire Magic
  2086 | D:3      | Reached skill level 1 in Ice Magic
  2086 | D:3      | Reached skill level 1 in Air Magic
  2086 | D:3      | Reached skill level 1 in Earth Magic
  2086 | D:3      | Reached skill level 1 in Poison Magic
  2152 | D:3      | Found an ornate altar of the Wu Jian Council.
  2661 | D:4      | Noticed a scorpion
  2672 | D:4      | Killed a scorpion
  2673 | D:4      | Reached XP level 5. HP: 43/43 MP: 7/7
  2720 | D:4      | Found a stormy altar of Qazlal.
  2765 | D:4      | Found a staircase to the Ecumenical Temple.
  2806 | Temple   | Entered the Ecumenical Temple
  3068 | D:4      | Noticed Menkaure
  3085 | D:4      | Killed Menkaure
  3086 | D:4      | Reached skill level 5 in Fighting
  3086 | D:4      | Reached skill level 5 in Axes
  3086 | D:4      | Reached skill level 5 in Dodging
  3086 | D:4      | Reached XP level 6. HP: 29/51 MP: 7/9
  3294 | D:4      | Noticed Pikel
  3339 | D:4      | Slain by Pikel

Illustrated notes

Levels and vault maps discovered:
D:1:      amcnicky_arrival_underground_garden, layout_loops_cross
D:2:      layout_loops_corners
D:3:      layout_loops_ring, mainiacjoe_overflow_alcove_4,
          mainiacjoe_overflow_catwalk, tgw_fedhas, kennysheep_ying_yang
D:4:      layout_basic, amcnicky_altar_gilded, minmay_temple_entry_junction_2,
          uniq_pikel, uniq_menkaure
Temple:   hellmonk_temple_two_chambers

Skill      XL: |  1  2  3  4  5 |
---------------+----------------+-----
Invocations    | 1 2 |  2.3
Short Blades   | 1 2 |  2.1
Long Blades    | 1 2 |  2.1
Maces & Flails | 1 2 |  2.1
Polearms       | 1 2 |  2.1
Staves         | 1 2 |  2.1
Ranged Weapons | 1 2 |  2.1
Throwing       | 1 2 |  2.1
Armour         | 1 2 |  2.1
Unarmed Combat | 1 2 |  2.1
Spellcasting   | 1 2 |  2.1
Evocations     | 1 2 |  2.1
Conjurations   | 1 |  1.6
Hexes          | 1 |  1.6
Summonings     | 1 |  1.6
Necromancy     | 1 |  1.6
Translocations | 1 |  1.6
Transmutations | 1 |  1.6
Fire Magic     | 1 |  1.6
Ice Magic      | 1 |  1.6
Air Magic      | 1 |  1.6
Earth Magic    | 1 |  1.6
Poison Magic   | 1 |  1.6
Fighting       | 5 |  5.0
Axes           | 5 |  5.0
Dodging        | 5 |  5.0
Stealth        | 3 |  3.2
Shields        | |  6.9

Action                     |  1- 3 |  4- 6 || total
---------------------------+-------+-------++-------
  Melee: Hand axe          |   164 |   159 ||   323
         Bite              |    12 |    16 ||    28
    Use: Scroll            |     4 |     2 ||     6
         Potion            |       |     3 ||     3
   Stab: Sleeping          |     2 |     1 ||     3
         Distracted        |     1 |       ||     1
 Armour: Leather armour    |    19 |       ||    19
         Ring mail         |    21 |    30 ||    51
  Dodge: Dodged            |    54 |    75 ||   129
  Block: Buckler           |    39 |    44 ||    83
